 Dungeon Crawl Stone Soup version 0.18.1-8-gdd0e5ea (webtiles) character file.

214612 M4edhros the Peltast (level 19, -22/99 HPs)
             Began as an Octopode Artificer on June 7, 2016.
             Was a High Priest of Fedhas.
             Annihilated by a six-headed hydra (23 damage)
             ... called by a spriggan druid
             ... on level 4 of the Swamp on June 8, 2016.
             The game lasted 02:41:22 (38791 turns).

M4edhros the Peltast (Octopode Artificer)          Turns: 38791, Time: 02:41:25

Health: -22/99     AC:  6    Str: 17    XL:     19   Next: 39%
Magic:  0/30       EV: 23    Int: 14    God:    Fedhas [*****.]
Gold:   3043       SH: 18    Dex: 26    Spells: 4 memorised, 19 levels left

rFire  + + .     SeeInvis .     w - +5 trident (freeze)
rCold  + . .     Gourm    .     D - +3 shield {reflect}
rNeg   . . .     Faith    .     y - +2 hat
rPois  +         Spirit   +     F - amulet of guardian spirit
rElec  .         Dismiss  .     R - +6 ring of strength
rCorr  .         Reflect  +     U - ring of protection from magic
SustAt .         Harm     .     I - +3 ring of dexterity
MR     ++...                    h - ring of wizardry
Stlth  +++++++...               L - ring of poison resistance
                                d - ring of protection from cold
                                A - +3 ring of dexterity
                                m - ring of protection from fire

@: exhausted, very slightly contaminated, slowed, very slow, very resistant to
hostile enchantments, extremely stealthy
A: almost no armour, amphibious, 8 rings, constrict 8, antennae 1, beak, molten
scales 1, yellow scales 1, camouflage 1, agile 1, dopey 1, fire resistance 1,
frail 2, sense surroundings 1, regeneration 1, gelatinous body 1
a: Evolution, Sunlight, Growth, Reproduction, Rain, Renounce Religion


You were on level 4 of the Swamp.
You worshipped Fedhas.
Fedhas was extremely pleased with you.
You were near starving.

You visited 6 branches of the dungeon, and saw 33 of its levels.
You also visited: Labyrinth, Sewer, Bailey, Ice Cave and Volcano.

You collected 4051 gold pieces.
You spent 1008 gold pieces at shops.

Inventory:

Hand Weapons
 w - a +5 trident of freezing (weapon)
 H - a +3 rapier of electrocution
 N - the +10 blowgun of Balance {speed, MR+ Str+6}
   (You found it on level 8 of the Dungeon)

   Attacks with this weapon are significantly faster.
   It affects your strength (+6).
   It affects your resistance to hostile enchantments.
 O - a +4 demon whip of venom
 V - the +2 Staff of Olgreb {rPois}
   (You acquired it on level 6 of the Lair of Beasts)

   It protects you from poison.
Missiles
 M - 4 curare-tipped needles
Armour
 y - a +2 hat (worn)
 D - a +3 shield of reflection (worn)
 W - the +1 large shield of Unambiguity {+Inv Dex+2 Stlth+}
   (You bought it in a shop on level 10 of the Dungeon)

   It affects your dexterity (+2).
   It lets you turn invisible.
   It makes you more stealthy.
Rods
 f - a +9 iron rod (12/12)
   (You acquired it on level 11 of the Dungeon)
 J - a +2 rod of ignition (11/11)
   (You found it on level 8 of the Lair of Beasts)
Jewellery
 a - an uncursed amulet of regeneration
 d - a ring of protection from cold (on tentacle)
 h - a ring of wizardry (on tentacle)
 m - a ring of protection from fire (on tentacle)
 A - a +3 ring of dexterity (on tentacle)
 F - an amulet of guardian spirit (around mantle)
 I - a +3 ring of dexterity (on tentacle)
 L - a ring of poison resistance (on tentacle)
 R - a +6 ring of strength (left tentacle)
 U - a ring of protection from magic (right tentacle)
Wands
 r - a wand of hasting (5/9)
 v - a wand of confusion (18/48)
 B - a wand of disintegration (7/24)
 T - a wand of iceblast (9/15)
 Y - a wand of teleportation (3/9)
Scrolls
 b - 3 scrolls of fog
 q - 11 scrolls of teleportation
 C - a scroll of identify
 K - a scroll of immolation
 Z - a scroll of magic mapping
Potions
 e - 7 potions of curing
 g - 6 potions of might
 j - 3 potions of ambrosia
 n - 5 potions of resistance
 t - 4 potions of haste
 x - 3 potions of lignification
 E - 3 potions of magic
 G - a potion of agility
 P - a potion of invisibility
 Q - 2 potions of heal wounds
 S - 7 potions of berserk rage
Miscellaneous
 c - a box of beasts
 i - a phial of floods (inert)
 p - a sack of spiders
 u - a fan of gales (inert)
 z - a disc of storms
Comestibles
 k - 7 meat rations
 l - a bread ration
 o - 6 slices of pizza
 s - 28 fruits


   Skills:
 + Level 9.4 Fighting
 - Level 1.0 Short Blades
 - Level 10.7 Polearms
 + Level 9.8 Dodging
 - Level 12.2 Stealth
 - Level 15.0 Shields
 + Level 5.0 Unarmed Combat
 * Level 7.7 Spellcasting
 - Level 5.4 Conjurations
 - Level 12.1 Transmutations
 - Level 5.5 Air Magic
 - Level 11.5 Earth Magic
 - Level 6.8 Poison Magic
 - Level 9.7 Invocations
 * Level 11.7 Evocations


You had 19 spell levels left.
You knew the following spells:

 Your Spells              Type           Power        Failure   Level  Hunger
a - Statue Form           Trmt/Erth      #####....    7%          6    #######
b - Mephitic Cloud        Conj/Pois/Air  ###.....     1%          3    ##.....
c - Repel Missiles        Chrm/Air       ##....       4%          2    None
d - Ignite Poison         Fire/Trmt/Pois ###.....     1%          3    ##.....


Dungeon Overview and Level Annotations

Branches:
Dungeon (15/15)            Temple (1/1) D:5            Lair (8/8) D:9
  Swamp (4/4) Lair:5        Snake (0/4) Lair:3        Slime (0/6) Lair:8
    Orc (2/2) D:9             Elf (3/3) Orc:2        Vaults (0/5) D:14
 Depths (0/5) D:15

Altars:
Ashenzari
Cheibriados
Dithmenos
Elyvilon
Fedhas
Gozag
Kikubaaqudgha
Makhleb
Nemelex Xobeh
Okawaru
Pakellas
Qazlal
Ru
Sif Muna
Trog
Vehumet
Xom
Yredelemnul
Zin
The Shining One
Beogh

Shops:
D:5 [   D:9 :(   D:10 [   Orc:2 (%?*!

Annotations:
Elf:2 5 runed doors


Innate Abilities, Weirdness & Mutations

You cannot wear most types of armour.
You are amphibious.
You can wear up to eight rings at the same time.
You can use your tentacles to constrict eight enemies at once.
Your skin changes colour to match your surroundings (Stealth).
Your rubbery body absorbs attacks (AC +1).
You have a pair of small antennae on your head.
You have a beak for a mouth.
You are partially covered in molten scales (AC +1).
You are partially covered in yellow scales (AC +2).
You are agile. (Dex +2)
You are dopey. (Int -2)
Your flesh is heat resistant.
You are very frail (-20% HP).
You passively map a small area around you.
Your natural rate of healing is unusually fast.


Message History

Drink which item? (? for menu, Esc to quit)
Okay, then.
Read which item? (? for menu, Esc to quit)
Okay, then.
Will you create these spores? [(y)es/(n)o/(q)uit]
You feel somewhat more hungry.
Your air elemental barely misses the swamp worm.
You block the six-headed hydra's attack.
The six-headed hydra bites you!
* * * LOW HITPOINT WARNING * * *
You block the six-headed hydra's attack.
The six-headed hydra misses you. The six-headed hydra bites you!!
* * * LOW HITPOINT WARNING * * *
The six-headed hydra closely misses you.
You block the six-headed hydra's attack.
The six-headed hydra bites you.
* * * LOW HITPOINT WARNING * * *
The six-headed hydra bites you!!
You die...
Fedhas appreciates your contribution to the ecosystem.

♣♣≈≈..≈≈≈≈≈.≈..♣.≈≈?≈≈≈≈≈.
♣♣♣♣.≈≈≈≈≈≈≈≈♣≈.≈.♣♣♣≈≈≈.
♣♣♣.≈♣≈.<♣♣♣..♣♣.♣♣♣.. *
♣♣♣♣♣.........≈≈≈♣♣♣ ≈ *
♣≈.≈≈≈.≈≈..≈≈≈≈.♣ .≈.≈♣
♣.≈≈≈.≈≈.♣♣≈♣♣♣..
♣♣...≈♣♣♣♣.≈≈≈♣..≈≈.≈♣♣♣.≈
♣≈≈≈≈......≈≈...≈.≈≈≈♣≈≈≈.
♣≈≈≈..≈≈≈@..≈..≈≈≈≈≈≈.≈..:
.≈.≈.≈≈≈D≈≈≈..≈≈≈≈≈≈♣♣≈♣.≈ *
♣≈≈≈≈≈D≈nw≈♣♣♣(^≈♣♣♣≈...≈
♣§≈≈≈*≈≈E.♣♣♣♣♣≈♣ ♣≈.≈..
♣≈≈≈P*≈÷≈≈.k.♣♣♣♣♣♣♣♣♣.. *
♣♣♣...P*≈≈≈≈≈§.≈♣(≈♣ ♣♣≈.≈
...♣♣♣≈♣.≈♣≈÷.≈≈≈≈≈≈♣≈..♣♣♣.≈≈≈
....≈.≈.D.♣≈...≈≈≈≈≈♣.≈≈≈♣♣.≈≈♣
.♣..≈....♣♣≈≈≈.≈n≈≈.♣♣≈≈≈♣♣.≈≈.


You could see a six-headed hydra, 2 swamp dragons, a bog body, a swamp worm, a
friendly air elemental and 3 friendly giant spores.

Vanquished Creatures
  Nikola (Elf:1)
  A tentacled monstrosity (Swamp:3)
  Jorgrun (Swamp:2)
  4 deep elf blademasters (Elf:3)
  Asterion (Elf:1)
  A deep elf master archer (Elf:3)
  Frances (Swamp:1)
  Donald (Elf:2)
  A frost giant (IceCv)
  5 deep elf sorcerers (Elf:3)
  An orc warlord (Orc:1)
  9 deep elf elementalists (Elf:3)
  Nessos (Orc:2)
  5 dire elephants (Lair:8)
  5 deep elf demonologists
  9 deep elf annihilators
  An oklob plant (Lair:7)
  5 deep elf death magi
  A minotaur (Lab)
  8 deep elf high priests (Elf:3)
  A vault guard (D:14)
  An anaconda (Lair:8)
  14 hydras
  3 ghost crabs
  An ice dragon (Lair:7)
  9 alligators
  5 centaur warriors
  11 death yaks
  11 dancing weapons
  A death knight (D:15)
  2 tengu warriors
  3 orc high priests (Orc:2)
  A wandering mushroom (Orc:1)
  13 deep elf knights
  A fire crab (Lair:8)
  A large abomination (Elf:3)
  6 skeletal warriors (D:15)
  2 unseen horrors
  2 spriggan druids
  A flayed ghost (D:15)
  6 swamp dragons
  4 hill giants
  7 deep elf archers
  A necromancer (D:15)
  5 orc knights
  36 deep elf magi
  5 griffons
  5 ugly things
  2 cyclopes
  4 orc sorcerers
  2 manticores
  35 elephants
  A wolf spider (D:14)
  A hornet (Swamp:3)
  A sphinx skeleton (D:15)
  A fire giant skeleton (D:15)
  An ice statue (IceCv)
  15 spiny frogs
  2 torpor snails
  6 black mambas
  A gargoyle (D:15)
  A water nymph (shapeshifter) (Elf:3)
  A centaur skeleton (D:13)
  A rime drake (Lair:7)
  A spiny frog (shapeshifter) (D:15)
  3 yaktaurs (Volcano)
  7 komodo dragons
  6 trolls
  An elf skeleton (D:15)
  3 giant leeches
  8 slime creatures
  13 polar bears
  A two-headed ogre (shapeshifter) (Elf:2)
  25 blink frogs
  3 bog bodies
  A harpy skeleton (D:15)
  A boulder beetle (Lair:8)
  An ettin skeleton (D:15)
  6 air elementals
  3 spriggans
  A hog (shapeshifter) (Elf:2)
  2 wyverns
  A vampire (D:13)
  A yak (shapeshifter) (D:14)
  3 water elementals
  A wraith (D:12)
  6 fire elementals
  36 yaks
  9 basilisks
  17 hippogriffs
  19 vampire mosquitoes
  A hog (Elf:1)
  2 steam dragons
  3 wargs
  A hungry ghost (D:9)
  Menkaure (D:4)
  A naga (Lair:3)
  6 insubstantial wisps (Swamp:4)
  21 swamp worms
  A soldier ant (D:13)
  11 water moccasins
  10 porcupines
  6 swamp drakes
  3 ice beasts
  28 orc warriors
  5 sky beasts
  2 slaves (D:6)
  4 wasps
  4 black bears
  3 eyes of draining
  A phantom (D:7)
  An eye of draining (shapeshifter) (Elf:1)
  A boggart (D:14)
  11 ogres
  16 wolves
  14 centaurs
  17 crocodiles
  5 big kobolds
  22 giant frogs
  A gnoll sergeant (D:4)
  2 earth elementals
  A wyvern skeleton (D:14)
  5 scorpions
  2 killer bees (D:7)
  4 wights
  2 howler monkeys
  5 crimson imps
  A quasit (D:11)
  A giant frog zombie (D:6)
  5 hounds
  3 jellies
  2 giant frog skeletons
  13 orc priests
  9 iguanas
  Ijyb (D:3)
  3 worker ants
  Natasha (D:2)
  17 orc wizards
  28 sheep
  2 hound skeletons
  8 gnolls
  A howler monkey skeleton (D:9)
  18 adders
  72 river rats
  6 shadow imps
  9 oozes
  6 adder skeletons
  18 worms
  4 dart slugs
  9 giant geckos
  72 orcs
  9 ball pythons
  9 giant cockroaches
  30 hobgoblins
  19 jackals
  19 kobolds
  4 quokkas
  15 bats
  2 giant cockroach zombies
  A giant gecko skeleton (D:2)
  A giant gecko zombie (D:2)
  6 giant newts
  31 goblins
  A jackal skeleton (D:2)
  A quokka skeleton (D:2)
  27 rats
  6 ballistomycetes
  5 giant spores
  A hyperactive ballistomycete (Lair:7)
1193 creatures vanquished.

Vanquished Creatures (collateral kills)
  Mara (Swamp:3)
  Kirke (Elf:1)
  Maud (Lair:5)
  A deep elf elementalist (Elf:3)
  An orc warlord (Orc:2)
  The ghost of M4edhros the Prestidigitator, a journeyman OpAr of Fedhas (Orc:2)
  2 hydras
  2 death yaks
  An orc high priest (Elf:3)
  A swamp dragon (Swamp:4)
  A spriggan druid (Swamp:4)
  The ghost of Metae the Skirmisher, a novice MiFi of Pakellas (D:6)
  The ghost of nikopol the Skirmisher, a novice MiBe of Trog (D:7)
  3 hill giants
  Pikel (D:6)
  4 deep elf magi
  A griffon (Lair:8)
  A cyclops (D:12)
  8 elephants
  2 black mambas (Lair:8)
  A spiny frog (Lair:8)
  A troll (Orc:1)
  4 polar bears (IceCv)
  2 blink frogs (Lair:8)
  12 yaks
  A water elemental (Elf:3)
  A vampire (D:9)
  3 hippogriffs
  A warg (Orc:2)
  A naga (Lair:3)
  3 water moccasins
  A swamp drake (Swamp:3)
  2 sky beasts
  13 orc warriors
  A phantom (D:5)
  A wasp (Swamp:4)
  An ice beast (D:4)
  7 killer bees (D:7)
  2 ogres
  8 centaurs
  3 crocodiles
  3 big kobolds (D:5)
  A giant frog (D:15)
  A scorpion (D:4)
  2 wights (D:9)
  A jelly (D:11)
  A crimson imp (D:6)
  A hound (D:11)
  6 orc wizards
  An iguana (D:7)
  Natasha (D:2)
  A hound skeleton (D:10)
  An adder (D:9)
  3 gnolls
  2 river rats
  24 orcs
  A goblin (D:2)
  3 hobgoblins
  A giant newt (D:4)
  3 rats (D:9)
  A crawling corpse (Elf:3)
  14 giant spores
  A hyperactive ballistomycete (Orc:2)
177 creatures vanquished.

Vanquished Creatures (others)
  A deep elf knight (Elf:3)
  2 deep elf archers
  2 deep elf magi (Elf:3)
  A wolf spider zombie (D:15)
  A manticore (D:15)
  A redback zombie (D:15)
  A small abomination (Elf:3)
  A polar bear (Lair:7)
  Grinder (D:4)
  A bog body (Swamp:4)
  A hornet zombie (D:14)
  39 wandering mushrooms
  4 humans (Elf:1)
  2 vampire mosquitoes (Swamp:1)
  A centaur (D:14)
  2 ogres
  2 killer bees (D:7)
  A hound (D:5)
  A worker ant zombie (D:5)
  A gnoll (D:4)
  An adder skeleton (D:5)
  A worm (D:5)
  A jackal zombie (D:5)
  33 ballistomycetes
  43 fungi
  17 giant spores
  5 hyperactive ballistomycetes (Elf:3)
  21 plants
  1069 toadstools
1257 creatures vanquished.

Grand Total: 2627 creatures vanquished

Notes
Turn   | Place    | Note
--------------------------------------------------------------
     0 | D:1      | M4edhros the Octopode Artificer began the quest for the Orb.
     0 | D:1      | Reached XP level 1. HP: 13/13 MP: 3/3
   314 | D:1      | Reached XP level 2. HP: 16/18 MP: 4/4
  1240 | D:2      | Reached XP level 3. HP: 3/23 MP: 5/5
  1539 | D:2      | Noticed Natasha
  1551 | D:2      | Reached skill level 5 in Stealth
  1554 | D:2      | Reached XP level 4. HP: 3/28 MP: 6/6
  1564 | D:2      | Killed Natasha
  1869 | D:3      | Noticed Ijyb
  1878 | D:3      | Killed Ijyb
  1990 | D:3      | Found a snail-covered altar of Cheibriados.
  1990 | D:3      | Found a basalt altar of Yredelemnul.
  1991 | D:3      | Found a glowing golden altar of the Shining One.
  2014 | D:3      | Reached XP level 5. HP: 30/33 MP: 7/7
  2070 | D:4      | Noticed Grinder
  2072 | D:4      | Noticed an ice beast
  2077 | D:4      | Killed an ice beast
  2084 | D:4      | Your ally died
  2124 | D:4      | Reached XP level 6. HP: 22/38 MP: 8/8
  2429 | D:5      | Entered Level 5 of the Dungeon
  2517 | D:5      | Found Jero's Armour Shop.
  2675 | D:6      | Found a glowing drain.
  2683 | Sewer    | Entered a sewer
  2810 | Sewer    | Reached skill level 10 in Stealth
  2810 | Sewer    | Reached XP level 7. HP: 43/43 MP: 9/9
  3409 | D:6      | Noticed Metae's ghost (novice MiFi)
  3438 | D:5      | Reached XP level 8. HP: 48/48 MP: 10/10
  3506 | D:5      | Found a staircase to the Ecumenical Temple.
  3543 | Temple   | Entered the Ecumenical Temple
  3574 | Temple   | Became a worshipper of Fedhas Madash
  4126 | D:2      | Reached skill level 1 in Polearms
  4224 | D:2      | Noticed Natasha
  4231 | D:2      | Killed Natasha
  4233 | D:2      | Reached * piety under Fedhas
  5551 | D:4      | Reached skill level 1 in Invocations
  5684 | D:4      | Reached ** piety under Fedhas
  5779 | D:4      | Noticed Menkaure
  5788 | D:4      | Killed Menkaure
  6094 | D:5      | Found a shimmering altar of Xom.
  6451 | D:5      | Noticed a moth of wrath
  6464 | D:5      | Found a bloodstained altar of Trog.
  6768 | D:5      | Reached *** piety under Fedhas
  6927 | D:5      | Reached XP level 9. HP: 41/53 MP: 12/12
  6945 | D:5      | Reached skill level 5 in Polearms
  6952 | D:5      | Reached skill level 5 in Invocations
  6968 | D:5      | Reached **** piety under Fedhas
  7503 | D:6      | Noticed Pikel
  7776 | D:6      | Killed Metae's ghost
  7954 | D:6      | Killed Pikel
  8281 | D:7      | Noticed nikopol's ghost (novice MiBe)
  8291 | D:7      | Killed nikopol's ghost
  8291 | D:7      | Reached XP level 10. HP: 8/61 MP: 10/15
  8476 | D:7      | Found a flagged portal.
  8490 | Bailey   | Entered a bailey
 10197 | D:7      | Found an ancient bone altar of Kikubaaqudgha.
 10605 | D:8      | Got a transparent blowgun
 10606 | D:8      | Identified the +10 blowgun of Balance {speed, MR+ Str+6} (You found it on level 8 of the Dungeon)
 10721 | D:8      | Noticed a hill giant
 10744 | D:8      | Killed a hill giant
 10795 | D:8      | Reached ***** piety under Fedhas
 11428 | D:9      | Found Siuj's Weapon Emporium.
 11428 | D:9      | Found a staircase to the Orcish Mines.
 11517 | D:9      | Reached XP level 11. HP: 63/70 MP: 17/17
 11661 | D:9      | Reached skill level 5 in Dodging
 11665 | D:9      | Gained mutation: Your magical capacity is low (-10% MP). [mutagenic meat]
 11666 | D:9      | Gained mutation: You are agile. (Dex +2) [mutagenic meat]
 11667 | D:9      | Gained mutation: You have a pair of small antennae on your head. [mutagenic meat]
 11668 | D:9      | Gained mutation: You are partially covered in molten scales (AC +1). [mutagenic meat]
 11669 | D:9      | Gained mutation: You have a beak for a mouth. [mutagenic meat]
 11788 | D:9      | Found a staircase to the Lair.
 11877 | D:9      | Found Xeawun's Book Shoppe.
 11965 | D:9      | Found a deep blue altar of Sif Muna.
 12235 | D:10     | Entered Level 10 of the Dungeon
 12399 | D:10     | Reached skill level 5 in Fighting
 12404 | D:10     | Found Qamoagh's Antique Armour Boutique.
 12407 | D:10     | Bought an ichor-stained large shield for 228 gold pieces
 12412 | D:10     | Identified the +1 large shield of Unambiguity {+Inv Dex+2 Stlth+} (You bought it in a shop on level 10 of the Dungeon)
 12635 | D:10     | Reached skill level 1 in Shields
 12939 | D:11     | Reached skill level 2 in Shields
 12990 | D:11     | Identified a scroll of acquirement
 13001 | D:11     | for real???? why tf it gives me worst rod ..
 13012 | D:11     | Noticed a cyclops
 13023 | D:11     | Killed a cyclops
 13023 | D:11     | Reached skill level 3 in Shields
 13247 | D:11     | Noticed a manticore
 13265 | D:11     | Killed a manticore
 13265 | D:11     | Reached skill level 4 in Shields
 13512 | D:12     | Noticed a cyclops
 13531 | D:12     | Killed a cyclops
 13531 | D:12     | Reached skill level 5 in Evocations
 13556 | D:12     | Noticed a hill giant
 13565 | D:12     | Killed a hill giant
 13585 | D:12     | Gained mutation: You are partially covered in yellow scales (AC +2). [mutagenic meat]
 13586 | D:12     | Gained mutation: You expend magic power (3 MP) to strengthen your wands. [mutagenic meat]
 13587 | D:12     | Gained mutation: You evolve. [mutagenic meat]
 13626 | D:12     | Reached skill level 5 in Shields
 13846 | D:12     | Noticed a cyclops
 13912 | D:12     | Killed a cyclops
 14117 | D:12     | Reached XP level 12. HP: 77/77 MP: 17/17
 14129 | D:12     | Reached skill level 6 in Shields
 14355 | D:12     | Gained mutation: Your flesh is heat resistant. [evolution]
 14391 | D:13     | Noticed a centaur warrior
 14411 | D:13     | Killed a centaur warrior
 14531 | D:13     | Noticed a tengu warrior
 14624 | D:13     | Reached skill level 7 in Shields
 14851 | D:13     | Killed a tengu warrior
 15052 | Lair:1   | Entered Level 1 of the Lair of Beasts
 15080 | Lair:1   | Noticed a seven-headed hydra
 15432 | Lair:1   | Reached skill level 8 in Shields
 15563 | Lair:1   | Killed a seven-headed hydra
 15805 | Lair:2   | Reached skill level 9 in Shields
 15899 | Lair:2   | Reached skill level 10 in Evocations
 16032 | Lair:2   | Got a shimmering long sword
 16033 | Lair:2   | Identified the +5 long sword "Veofrue" {slice, rPois rC- Int+6} (You found it on level 2 of the Lair of Beasts)
 16280 | Lair:2   | Noticed an eight-headed hydra
 16286 | Lair:2   | Gained mutation: You are very agile. (Dex +4) [evolution]
 16286 | Lair:2   | Lost mutation: You evolve. [end of evolution]
 16289 | Lair:2   | Killed an eight-headed hydra
 16289 | Lair:2   | Reached XP level 13. HP: 81/81 MP: 2/18
 16652 | Lair:3   | Found a labyrinth entrance.
 16661 | Lab      | Entered a labyrinth
 16844 | Lab      | Got a jewelled scimitar
 17176 | Lab      | Noticed a minotaur
 17180 | Lab      | Killed a minotaur
 17180 | Lab      | Reached skill level 10 in Shields
 17192 | Lab      | Identified the Incunabulum of the Mutagenic Oath
 17197 | Lab      | Identified the Incunabulum of Existentialism
 17210 | Lab      | Identified the +8 scimitar of Domination {freeze, *Noise MR- SInv Stlth+} (You found it in a labyrinth)
 17342 | Lair:3   | Learned a level 6 spell: Statue Form
 17397 | Lair:3   | Reached ****** piety under Fedhas
 17505 | Lair:3   | Reached skill level 11 in Shields
 17557 | Lair:3   | Found a staircase to the Snake Pit.
 17569 | Lair:3   | Reached skill level 1 in Transmutations
 18166 | Lair:4   | Reached skill level 1 in Earth Magic
 18295 | Lair:4   | Found a dark tunnel.
 18339 | Volcano  | Entered a volcano
 19168 | Lair:5   | Noticed Maud
 19182 | Lair:5   | Killed Maud
 19766 | Lair:5   | Found a staircase to the Swamp.
 20050 | Lair:6   | Reached XP level 14. HP: 79/90 MP: 19/19
 20909 | Lair:7   | Reached skill level 12 in Shields
 20966 | Lair:7   | Reached skill level 10 in Polearms
 21296 | Lair:7   | Found a frozen archway.
 21404 | IceCv    | Entered an ice cave
 21717 | IceCv    | Noticed a frost giant
 21880 | IceCv    | Killed a frost giant
 21967 | IceCv    | Reached skill level 5 in Transmutations
 22079 | IceCv    | Reached skill level 5 in Earth Magic
 22998 | Lair:7   | Reached XP level 15. HP: 87/97 MP: 20/20
 23043 | Lair:7   | Reached skill level 13 in Shields
 23604 | Lair:8   | Entered Level 8 of the Lair of Beasts
 24548 | Lair:8   | Found a staircase to the Slime Pits.
 25018 | Lair:8   | Identified a +1 rod of ignition (10/10) (You found it on level 8 of the Lair of Beasts)
 26068 | Orc:1    | Entered Level 1 of the Orcish Mines
 26068 | Orc:1    | Found a burning altar of Makhleb.
 26202 | Orc:1    | Reached skill level 14 in Shields
 26430 | Orc:2    | Entered Level 2 of the Orcish Mines
 26430 | Orc:2    | Found Uweku's Distillery.
 26518 | Orc:2    | Found a roughly hewn altar of Beogh.
 26519 | Orc:2    | Noticed M4edhros's ghost (journeyman OpAr)
 26548 | Orc:2    | Killed M4edhros's ghost
 26736 | Orc:2    | Found a staircase to the Elven Halls.
 26804 | Orc:2    | Noticed an orc warlord
 26826 | Orc:2    | Killed an orc warlord
 26942 | Orc:2    | Noticed Nessos
 26983 | Orc:2    | Killed Nessos
 27112 | Orc:2    | Reached XP level 16. HP: 106/106 MP: 21/21
 27299 | Orc:2    | Found Seulateu's Antique Weapon Boutique.
 27299 | Orc:2    | Found Cosif's Assorted Antiques.
 27301 | Orc:2    | Found Sauc's Magic Scroll Emporium.
 27301 | Orc:2    | Found Heiqum's Food Boutique.
 27307 | Orc:2    | Bought a shiny ivory ring for 85 gold pieces
 27316 | Orc:2    | Bought a scroll of identify for 20 gold pieces
 27316 | Orc:2    | Bought a scroll of identify for 20 gold pieces
 27316 | Orc:2    | Bought a scroll of identify for 20 gold pieces
 27316 | Orc:2    | Bought a scroll of identify for 20 gold pieces
 27316 | Orc:2    | Bought a scroll of identify for 20 gold pieces
 27332 | Orc:2    | Bought 2 fruits for 33 gold pieces
 27332 | Orc:2    | Bought 3 fruits for 49 gold pieces
 27567 | Orc:2    | Bought a potion of heal wounds for 65 gold pieces
 27567 | Orc:2    | Bought a potion of might for 52 gold pieces
 27567 | Orc:2    | Bought a potion of curing for 39 gold pieces
 27567 | Orc:2    | Bought 2 potions of curing for 78 gold pieces
 27567 | Orc:2    | Bought a potion of curing for 39 gold pieces
 27584 | Elf:1    | Entered Level 1 of the Elven Halls
 27608 | Elf:1    | Learned a level 3 spell: Mephitic Cloud
 27616 | Elf:1    | Noticed Asterion
 27645 | Elf:1    | Killed Asterion
 27748 | D:9      | Bought a book of Minor Magic for 240 gold pieces
 27751 | D:9      | Learned a level 2 spell: Repel Missiles
 27858 | Elf:1    | Reached skill level 1 in Poison Magic
 27863 | Elf:1    | Gained mutation: You are frail (-10% HP). [mutagenic meat]
 27875 | Elf:1    | Reached skill level 1 in Conjurations
 27911 | Elf:1    | Reached skill level 1 in Air Magic
 28143 | Elf:1    | Noticed Nikola
 28155 | Elf:1    | Killed Nikola
 28277 | Elf:1    | Gained mutation: Your muscles are strong. (Str +2) [potion of beneficial mutation]
 28353 | Elf:1    | Noticed Kirke
 28359 | Elf:1    | Killed Kirke
 28504 | Elf:1    | Identified Vehumet's Collected Works on Confrontation
 29479 | Elf:3    | Entered Level 3 of the Elven Halls
 29609 | Elf:3    | Lost mutation: You are very agile. (Dex +4) [mutagenic meat]
 29610 | Elf:3    | Gained mutation: You are very frail (-20% HP). [mutagenic meat]
 29750 | Elf:3    | Noticed a deep elf blademaster
 29881 | Elf:3    | Reached skill level 10 in Transmutations
 29916 | Elf:3    | Reached XP level 17. HP: 88/88 MP: 15/22
 29916 | Elf:3    | Killed a deep elf blademaster
 30109 | Elf:3    | Noticed a deep elf master archer
 30306 | Elf:3    | Reached skill level 10 in Earth Magic
 30316 | Elf:3    | Reached skill level 5 in Poison Magic
 30320 | Elf:3    | Killed a deep elf master archer
 30332 | Elf:3    | Noticed a deep elf blademaster
 30333 | Elf:3    | Noticed a deep elf blademaster
 30366 | Elf:3    | Killed a deep elf blademaster
 30367 | Elf:3    | Killed a deep elf blademaster
 30539 | Elf:3    | Noticed a deep elf blademaster
 30595 | Elf:3    | Reached skill level 5 in Air Magic
 30617 | Elf:3    | Killed a deep elf blademaster
 30617 | Elf:3    | Reached skill level 5 in Conjurations
 31602 | Elf:3    | Noticed a Hell Sentinel
 31679 | Elf:3    | Identified the Guide on Creative Boosts (You found it on level 3 of the Elven Halls)
 31693 | Elf:3    | Got an ancient long sword
 31694 | Elf:3    | Identified the +5 long sword of Modesty {speed, rN++ Dex+4} (You found it on level 3 of the Elven Halls)
 31984 | Elf:3    | Reached XP level 18. HP: 40/93 MP: 15/23
 32721 | Elf:2    | Reached skill level 1 in Spellcasting
 32855 | Elf:2    | Lost mutation: Your magical capacity is low (-10% MP). [mutagenic meat]
 32983 | Elf:2    | Noticed Donald
 33005 | Elf:2    | Killed Donald
 33600 | Elf:2    | Found a huge runed gate.
 33600 | Elf:2    | Found a huge runed gate.
 33600 | Elf:2    | Found a huge runed gate.
 33600 | Elf:2    | Found a huge runed gate.
 33600 | Elf:2    | Found a huge runed gate.
 34387 | D:14     | Gained mutation: You are very agile. (Dex +4) [mutagenic meat]
 34388 | D:14     | Lost mutation: You expend magic power (3 MP) to strengthen your wands. [mutagenic meat]
 34390 | D:14     | Gained mutation: Your natural rate of healing is unusually fast. [mutagenic meat]
 34392 | D:14     | Lost mutation: Your muscles are strong. (Str +2) [mutagenic meat]
 34393 | D:14     | Gained mutation: You passively map a small area around you. [mutagenic meat]
 34487 | D:14     | Found a gate to the Vaults.
 34877 | D:15     | Entered Level 15 of the Dungeon
 34962 | D:15     | Reached skill level 15 in Shields
 34969 | D:15     | Reached skill level 5 in Spellcasting
 35011 | D:15     | Lost mutation: You are very agile. (Dex +4) [mutagenic meat]
 35013 | D:15     | Gained mutation: You are dopey. (Int -2) [mutagenic meat]
 35023 | D:15     | Found a staircase to the Depths.
 35055 | D:15     | Reached skill level 1 in Unarmed Combat
 35355 | D:15     | Identified the Tome of Aid and Ignition
 35852 | Elf:3    | Got a pitted flail
 35853 | Elf:3    | Identified the cursed +2 flail "Waaffas" {flame, *Noise +Fly SInv Stlth+} (You found it on level 3 of the Elven Halls)
 35876 | Elf:3    | Got a scorched blowgun
 35877 | Elf:3    | Identified the +5 blowgun of the Magi {evade, +Inv} (You found it on level 3 of the Elven Halls)
 36215 | Swamp:1  | Entered Level 1 of the Swamp
 36249 | Swamp:1  | Noticed Frances
 36297 | Swamp:1  | Killed Frances
 36969 | Swamp:2  | Noticed Jorgrun
 36985 | Swamp:2  | Killed Jorgrun
 37511 | Swamp:2  | Reached XP level 19. HP: 99/99 MP: 23/28
 37797 | Swamp:3  | Learned a level 3 spell: Ignite Poison
 37864 | Swamp:3  | Noticed Mara
 37903 | Swamp:3  | Noticed M4edhros's illusion
 37903 | Swamp:3  | Killed Mara
 38222 | Swamp:3  | Noticed a tentacled monstrosity
 38238 | Swamp:3  | Killed a tentacled monstrosity
 38441 | Swamp:4  | Entered Level 4 of the Swamp
 38782 | Swamp:4  | Reached skill level 5 in Unarmed Combat
 38791 | Swamp:4  | HP: 1/99 [six-headed hydra[a spriggan druid] (5)]
 38791 | Swamp:4  | Annihilated by a six-headed hydra

Skill      XL: |  1  2  3  4  5  6  7  8  9 10 11 12 13 14 15 16 17 18 19 |
---------------+----------------------------------------------------------+-----
Stealth        | 3 4 5 6 8 10 12 | 12.2
Polearms       | 4 7 8 9 10 | 10.7
Invocations    | 4 7 9 |  9.7
Fighting       | 2 4 5 6 7 8 9 |  9.4
Dodging        | 3 4 5 7 9 |  9.8
Shields        | 5 9 11 12 14 15 | 15.0
Evocations     | 6 10 11 | 11.7
Transmutations | 3 5 7 10 11 12 | 12.1
Earth Magic    | 2 5 7 9 11 | 11.5
Poison Magic   | 4 6 |  6.8
Conjurations   | 3 5 |  5.4
Air Magic      | 3 5 |  5.5
Spellcasting   | 6 7 |  7.7
Unarmed Combat | 3 5 |  5.0
Short Blades   | |  1.0

Action                   |  1- 3 |  4- 6 |  7- 9 | 10-12 | 13-15 | 16-18 | 19-21 || total
-------------------------+-------+-------+-------+-------+-------+-------+-------++-------
Melee: Short sword       |    60 |    30 |       |       |       |       |       ||    90
       Constrict         |    19 |    16 |    60 |   103 |   138 |   128 |    17 ||   481
       Tentacles         |    11 |    12 |    46 |   150 |   441 |   312 |    75 ||  1047
       Rapier            |       |    47 |     2 |    54 |     8 |   132 |       ||   243
       Dagger            |       |       |    46 |     8 |       |       |       ||    54
       Trident           |       |       |   325 |   641 |   967 |   530 |   184 ||  2647
       Peck              |       |       |       |   111 |   473 |   330 |    63 ||   977
       Staff             |       |       |       |       |   427 |   190 |       ||   617
       Morningstar       |       |       |       |       |       |    69 |       ||    69
       Punch             |       |       |       |       |       |     9 |    11 ||    20
 Fire: Hunting sling     |       |       |     3 |       |       |       |       ||     3
       Blowgun           |       |       |     4 |     8 |       |       |       ||    12
 Cast: Mephitic Cloud    |       |       |       |       |       |    29 |       ||    29
       Repel Missiles    |       |       |       |       |       |     1 |       ||     1
       Statue Form       |       |       |       |       |       |    14 |     7 ||    21
Invok: Evolution         |       |       |     6 |    16 |    18 |    13 |       ||    53
       Sunlight          |       |       |     4 |    12 |     2 |     5 |       ||    23
       Reproduction      |       |       |       |       |     8 |    10 |     3 ||    21
       Rain              |       |       |       |       |       |     5 |     1 ||     6
       Growth            |       |       |       |       |       |     1 |     1 ||     2
Evoke: Wand              |     7 |     8 |    17 |    20 |    17 |    13 |     1 ||    83
       Rod               |       |       |       |     2 |     2 |     4 |     2 ||    10
       Phial of floods   |       |       |       |       |     4 |     6 |     2 ||    12
       Staff of Olgreb   |       |       |       |       |    72 |    64 |       ||   136
       Fan of gales      |       |       |       |       |       |       |     1 ||     1
  Use: Scroll            |       |     4 |     7 |    19 |     8 |    19 |     3 ||    60
       Potion            |       |       |     4 |     3 |     6 |    13 |     2 ||    28
 Stab: Sleeping          |     9 |    26 |    56 |    48 |    67 |    26 |     4 ||   236
       Distracted        |       |       |     3 |     3 |     4 |     8 |     1 ||    19
       Paralysed         |       |       |     1 |       |       |       |       ||     1
       Confused          |       |       |       |    10 |    19 |    16 |       ||    45
       Petrifying        |       |       |       |       |       |     1 |       ||     1
  Eat: Chunk             |     2 |     3 |     3 |    14 |    16 |    41 |       ||    79
       Bread ration      |       |       |     3 |     3 |     3 |     2 |     1 ||    12
       Beef jerky        |       |       |     1 |       |     2 |       |       ||     3
       Meat ration       |       |       |       |     2 |     2 |     4 |       ||     8
       Royal jelly       |       |       |       |     1 |       |     1 |     1 ||     3
       Pizza             |       |       |       |       |     1 |     2 |     2 ||     5
Armor: Skin              |     5 |     3 |    30 |    66 |   159 |   112 |    83 ||   458
Dodge: Dodged            |    30 |    27 |   156 |   276 |   477 |   432 |   180 ||  1578
       Deflected         |       |       |       |       |       |     9 |       ||     9
Block: Large shield      |       |       |       |   209 |  1057 |   288 |       ||  1554
       Shield            |       |       |       |       |   112 |   379 |   207 ||   698
       Reflection        |       |       |       |       |       |    30 |     2 ||    32
       Buckler           |       |       |       |       |       |    29 |       ||    29
